 Dungeon Crawl Stone Soup version 0.30-a0-250-g41c1d76940 (webtiles) character file.

Game seed: 11237995242061998713

91 gzilladon the Sneak (level 4, -3/19 (21) HPs)
             Began as a Spriggan Enchanter on Oct 12, 2022.
             Slain by Crazy Yiuf
             ... wielding a +2 quarterstaff of chaos
              (6 damage)
             ... on level 3 of the Dungeon.
             The game lasted 00:13:39 (2235 turns).

gzilladon the Sneak (Spriggan Enchanter)            Turns: 2235, Time: 00:13:40

HP:   -3/19 (21)    AC:  2    Str:  4    XL:     4   Next: 34%
MP:   7/9           EV: 17    Int: 16    God:
Gold: 86            SH:  0    Dex: 17    Spells: 3/8 levels left

rFire   . . .      SeeInvis +    a - +1 dagger
rCold   . . .      Faith    .    (no shield)
rNeg    . . .      Spirit   .    b - +0 robe
rPois   .          Reflect  .    (helmet restricted)
rElec   .          Harm     .    (no cloak)
rCorr   .          Rampage  .    (gloves unavailable)
Will    .....                    (boots unavailable)
Stlth   ++++......               (no amulet)
HPRegen 0.23/turn                (no ring)
MPRegen 0.11/turn                (no ring)

@: drained, very quick
A: very small, no large weapons, unfitting armour, see invisible, speed 3
a: no special abilities


You were on level 3 of the Dungeon.
You visited 1 branch of the dungeon, and saw 3 of its levels.

You collected 86 gold pieces.

Inventory:

Hand Weapons
 a - a +1 dagger (weapon)
Missiles
 d - 24 stones (quivered)
Armour
 b - a +0 robe (worn)
 m - a +0 pair of boots
Scrolls
 e - a scroll of blinking {unknown}
 i - a scroll of immolation {unknown}
 k - 3 scrolls of noise {unknown}
 l - a scroll of identify {unknown}
 n - a scroll of enchant armour {unknown}
 p - a scroll of fear {unknown}
Potions
 c - a potion of invisibility
 f - 2 potions of berserk rage {unknown}
 g - 2 potions of mutation {unknown}
 h - 2 potions of curing {unknown}
 j - a potion of resistance {unknown}
 o - 2 potions of attraction {unknown}


   Skills:
 + Level 0.2 Fighting
 * Level 2.1 Short Blades
 + Level 2.8 Dodging
 * Level 6.7 Stealth
 + Level 2.9 Spellcasting
 + Level 4.0 Hexes


You had 3 spell levels left.
You knew the following spells:

 Your Spells              Type           Power      Damage    Failure   Level
a - Ensorcelled Hibernat  Hex/Ice        16%        N/A       12%         2
b - Confusing Touch       Hex            15%        N/A       11%         3

Your spell library contained the following spells:

 Spells                   Type           Power      Damage    Failure   Level
 Tukima's Dance           Hex            15%        N/A       11%         3
 Dazzling Flash           Conj/Hex       16%        N/A       24%         3


Dungeon Overview and Level Annotations

Branches:
Dungeon (3/15)

Altars:
Uskayaw

Annotations:
D:3 Crazy Yiuf


Innate Abilities, Weirdness & Mutations

You are very small and have problems with some larger weapons.
You are too small for most types of armour.
You have supernaturally acute eyesight. (SInv)
You cover ground extremely quickly. (Speed+++)


Message History

You kill Ijyb!
The endoplasm jiggles.
The endoplasm completely misses you. The goblin closely misses you.
Your Short Blades skill increases to level 2!
You have reached level 4!
You fade into invisibility!
The endoplasm freezes you.
You are frozen.
The goblin closely misses you. The kobold closely misses you.
The goblin hits you with a +0 dagger.
* * * LOW HITPOINT WARNING * * *
There is an open door here.
You close the door.
There is an open door here.
A bat comes into view.
You start resting.
You flicker for a moment.
You start resting.
You flicker back into view.
You start resting.
HP restored.
o - 2 fizzy golden potions
Found a scroll labelled LAKORO DEUSH.
Found a scroll labelled FUIMEF ROCERPH.
p - a scroll labelled FUIMEF ROCERPH
Found a hammer.
Found a runed translucent door.
You open the door.
There is an open translucent door here.
Crazy Yiuf shouts!
Casting: Ensorcelled Hibernation (safe; 12% risk of failure)
Confirm with . or Enter, or press ? or * to list all spells.
Aiming: Ensorcelled Hibernation (safe; 12% risk of failure)
Press: ? - help, Shift-Dir - straight line, f - Crazy Yiuf
Aim: Crazy Yiuf, wielding a +2 quarterstaff of chaos and wearing a +0 cloak (chance to affect: 50%) Crazy Yiuf resists with some effort.
Crazy Yiuf hits you with a +2 quarterstaff of chaos!!
Ouch! That really hurt!
* * * LOW HITPOINT WARNING * * *
You feel drained.
You die...

####+##.# ♣..P.♣ ........# ♣.PP♣♣
........# ♣♣.♣♣ ........# ♣.♣♣
...#....# ♣♣.♣ ...#+#### ♣.♣♣
.......# ♣♣.♣ .......# ##'##
#.... .......# #.@.# #....
.......# #.g.# #....#
.......##### #..)# #....##
...........# ##### #....>#
.....###...# #.....#
...........###########...#.######
......#..................+.......
......#.##........##.....#.#####.
......#..+.......###.....#.....#.


You could see Crazy Yiuf.

Vanquished Creatures
  Ijyb (D:3)
  2 adders (D:2)
  3 dart slugs
  6 endoplasms
  A giant cockroach (D:2)
  4 goblins
  2 hobgoblins
  6 kobolds
  4 quokkas
  3 ball pythons
  4 bats
  A frilled lizard (D:2)
  4 rats
41 creatures vanquished.

Notes
Turn   | Place    | Note
-------+----------+-------------------------------------------
     0 | D:1      | gzilladon the Spriggan Enchanter began the quest for the
                  | Orb.
     0 | D:1      | Reached XP level 1. HP: 9/9 MP: 5/5
   322 | D:1      | Reached skill level 5 in Stealth
   322 | D:1      | Reached XP level 2. HP: 13/13 MP: 6/6
   326 | D:1      | Learned a level 2 spell: Ensorcelled Hibernation
  1092 | D:2      | Reached XP level 3. HP: 10/16 MP: 2/8
  1153 | D:2      | Learned a level 3 spell: Confusing Touch
  1314 | D:2      | Reached skill level 6 in Stealth
  2071 | D:3      | Found a hide-covered altar of Uskayaw.
  2077 | D:3      | Noticed Ijyb
  2084 | D:3      | Killed Ijyb
  2085 | D:3      | Reached XP level 4. HP: 11/21 MP: 4/9
  2228 | D:3      | Found a runed translucent door.
  2229 | D:3      | Noticed Crazy Yiuf
  2235 | D:3      | Slain by Crazy Yiuf

Illustrated notes

Levels and vault maps discovered:
D:1:      dpeg_arrival_signposts, layout_loops_corners,
          amcnicky_mini_corridor_feature
D:2:      layout_loops_ring
D:3:      layout_basic, nicolae_qazlal_eye_of_the_storm,
          chequers_temple_overflow_minitemple, overflow_temple_1_default,
          uniq_crazy_yiuf_cottage, uniq_ijyb

Skill      XL: |  1  2  3 |
---------------+----------+-----
Stealth        | 5 6 |  6.7
Hexes          | 4 |  4.0
Short Blades   | 2 |  2.1
Fighting       | |  0.2
Dodging        | |  2.8
Spellcasting   | |  2.9

Action                   |  1- 3 |  4- 6 || total
-------------------------+-------+-------++-------
Melee: Dagger            |   112 |       ||   112
       Punch             |     1 |       ||     1
 Cast: Ensorcelled Hiber |     9 |     1 ||    10
       Confusing Touch   |     2 |       ||     2
  Use: Potion            |       |     1 ||     1
 Stab: Sleeping          |    22 |       ||    22
Armor: Robe              |    11 |       ||    11
Dodge: Dodged            |    68 |     2 ||    70

Table legend: (Time is in decaauts)
 A = Elapsed time spent in this place.
 B = Non-inter-level travel time spent in this place.
 C = Inter-level travel time spent in this place.
 D = Time resting spent in this place.
 E = Time spent auto-exploring this place.
 F = Levels seen in this place.
 G = Mean time per level.
                   A        B        C        D        E       F      G
               +--------+--------+--------+--------+--------+-----+--------+
         Total |   1531 |   1242 |    289 |    314 |      0 |   3 |  510.3 |
       Dungeon |   1531 |   1242 |    289 |    314 |      0 |   3 |  510.3 |
               +--------+--------+--------+--------+--------+-----+--------+

Top non-repeatable levels by time:
     D:1: 700 daAuts
     D:2: 557 daAuts
     D:3: 273 daAuts
